 Dungeon Crawl Stone Soup version 0.29-a0-520-gc852659d43 (webtiles) character file.

Game seed: 13832819587668514273

83 kae the Firebug (level 4, -2/34 HPs)
             Began as a Demigod Fire Elementalist on May 31, 2022.
             Slain by a scorpion (5 damage)
             ... on level 3 of the Dungeon.
             The game lasted 00:02:20 (3118 turns).

kae the Firebug (Demigod Fire Elementalist)         Turns: 3118, Time: 00:02:20

Health: -2/34      AC:  2    Str: 15    XL:     4   Next: 2%
Magic:  0/9        EV: 12    Int: 27    God:
Gold:   81         SH:  0    Dex: 14    Spells: 4/7 levels left

rFire   . . .      SeeInvis .   i - +0 whip (venom)
rCold   . . .      Faith    .   (no shield)
rNeg    . . .      Spirit   .   a - +0 robe
rPois   .          Reflect  .   (no helmet)
rElec   .          Harm     .   (no cloak)
rCorr   .          Rampage  .   (no gloves)
Will    .....                   (no boots)
Stlth   ++........              (no amulet)
HPRegen 0.11/turn               k - +6 ring of intelligence
MPRegen 0.11/turn               c - +6 ring of strength

@: no status effects
A: high MP 1, forlorn, divine attributes
a: no special abilities


You were on level 3 of the Dungeon.
You visited 1 branch of the dungeon, and saw 3 of its levels.

You collected 81 gold pieces.

Inventory:

Hand Weapons
 f - a +1 short sword
 i - a +0 whip of venom (weapon)
Armour
 a - a +0 robe (worn)
Jewellery
 c - a +6 ring of strength (right hand)
 k - a +6 ring of intelligence (left hand)
Scrolls
 d - a scroll of magic mapping
 e - a scroll of teleportation
Potions
 b - 3 potions of magic
 h - 2 potions of degeneration
 j - 4 potions of lignification {unknown}
 l - 2 potions of invisibility {unknown}
 m - 2 potions of cancellation {unknown}


   Skills:
 + Level 0.9 Fighting
 + Level 2.1 Dodging
 - Level 1.7 Stealth
 + Level 2.1 Spellcasting
 * Level 2.1 Conjurations
 * Level 3.4 Fire Magic


You had 4 spell levels left.
You knew the following spells:

 Your Spells              Type           Power      Damage    Failure   Level
a - Foxfire               Conj/Fire      72%        2x1d7     3%          1
b - Scorch                Fire           42%        2d7       3%          2

Your spell library contained the following spells:

 Spells                   Type           Power      Damage    Failure   Level
 Conjure Flame            Conj/Fire      18%        6-21      9%          3
 Beastly Appendage        Tmut           4%         N/A       10%         1
 Wereblood                Tmut           2%         N/A       14%         2
 Inner Flame              Hex/Fire       12%        N/A       14%         3
 Frozen Ramparts          Ice            4%         1d2       28%         3
 Spider Form              Tmut/Pois      2%         N/A       28%         3
 Flame Wave               Conj/Fire      18%        2d6       30%         4
 Ice Form                 Ice/Tmut       2%         N/A       67%         4
 Summon Ice Beast         Ice/Summ       2%         N/A       67%         4


Dungeon Overview and Level Annotations

Branches:
Dungeon (3/15)

Shops:
D:3 *

Annotations:
D:3 2 transporters, Flippered's ghost, amateur DrCj


Innate Abilities, Weirdness & Mutations

You have an increased reservoir of magic. (+10% MP)
You shall have no god before yourself.
Your divine heritage dramatically boosts your attributes as you level up.


Message History

The scorpion's fire resistance burns away.
The scorpion stings you. The scorpion closely misses you.
Casting: Scorch (safe; 3% risk of failure)
Confirm with . or Enter, or press ? or * to list all spells.
Flames lash the scorpion but do no damage.
The scorpion is no longer more vulnerable to fire.
The scorpion stings you but does no damage.
The scorpion misses you. The scorpion stings you!
Casting: Scorch (safe; 3% risk of failure)
Confirm with . or Enter, or press ? or * to list all spells.
Flames lash the scorpion.
The scorpion is moderately wounded.
The scorpion's fire resistance burns away.
The scorpion stings you.
You are lethally poisoned!
The scorpion poisons you!
* * * LOW HITPOINT WARNING * * *
You feel very sick. The scorpion stings you.
* * * LOW HITPOINT WARNING * * *
You are more poisoned.
The scorpion poisons you!
Casting: Scorch (safe; 3% risk of failure)
Confirm with . or Enter, or press ? or * to list all spells.
You don't have enough magic to cast this spell.
Casting: Scorch (safe; 3% risk of failure)
Confirm with . or Enter, or press ? or * to list all spells.
You don't have enough magic to cast this spell.
You feel better.
The scorpion stings you but does no damage.
Casting: Scorch (safe; 3% risk of failure)
Confirm with . or Enter, or press ? or * to list all spells.
Flames lash the scorpion.
The scorpion is burned terribly!
The scorpion is severely wounded.
The scorpion stings you but does no damage.
The scorpion stings you.
* * * LOW HITPOINT WARNING * * *
The scorpion stings you.
You die...

##.. #.. #.? ###..
#.'.. #.#.. #.#..
#################.#..
#...@.............#..
###s#####.........#..
#. #(............. #.
#.#.#######.### #.
#.#.# #.### #. #.#.#
#.... #. #.#.# #####
#. #.#.# #.#.#


You could see a scorpion (combustible).

Vanquished Creatures
  2 adders (D:2)
  2 worms (D:2)
  2 dart slugs (D:1)
  3 orcs (D:3)
  2 ball pythons (D:2)
  9 endoplasms
  A giant cockroach (D:2)
  A goblin (D:2)
  4 hobgoblins
  3 quokkas
  8 bats
  5 frilled lizards
  4 kobolds
  5 rats
51 creatures vanquished.

Vanquished Creatures (others)
  196 foxfires
196 creatures vanquished.

Grand Total: 247 creatures vanquished

Notes
Turn   | Place    | Note
-------+----------+-------------------------------------------
     0 | D:1      | kae the Demigod Fire Elementalist began the quest for the
                  | Orb.
     0 | D:1      | Reached XP level 1. HP: 14/14 MP: 5/5
    78 | D:1      | Reached skill level 1 in Conjurations
   585 | D:1      | Reached XP level 2. HP: 21/22 MP: 4/7
   738 | D:1      | Reached skill level 3 in Fire Magic
  1344 | D:2      | Reached XP level 3. HP: 16/27 MP: 3/8
  1612 | D:2      | Learned a level 2 spell: Scorch
  2793 | D:3      | Found a transporter.
  2796 | D:3      | Noticed Flippered's ghost (amateur DrCj)
  2797 | D:3      | Found a transporter.
  2934 | D:3      | Reached XP level 4. HP: 34/34 MP: 7/9
  3037 | D:3      | Found Gozag's Platinum Reserve.
  3118 | D:3      | Slain by a scorpion

Illustrated notes

Levels and vault maps discovered:
D:1:      wander_arrival_lonely_grave, layout_loops_ring,
          minmay_misc_feat_square, due_unseen_surprise
D:2:      layout_basic, ebering_ecumenical_altar_sacrificial
D:3:      layout_basic, grunt_qazlal_clouds, nicolae_gozag_zags_fifth_avenue,
          gammafunk_ghost_mausoleum

Skill      XL: |  1  2  3 |
---------------+----------+-----
Conjurations   | 1 2 |  2.1
Fire Magic     | 3 |  3.4
Dodging        | 2 |  2.1
Spellcasting   | 2 |  2.1
Fighting       | |  0.9
Stealth        | |  1.7

Action                   |  1- 3 |  4- 6 || total
-------------------------+-------+-------++-------
Melee: Unarmed           |     5 |       ||     5
       Short sword       |     3 |       ||     3
       Whip              |     3 |       ||     3
 Cast: Foxfire           |   110 |     5 ||   115
       Scorch            |       |     5 ||     5
  Use: Scroll            |    10 |       ||    10
       Potion            |       |     1 ||     1
 Stab: Sleeping          |     1 |       ||     1
Armor: Robe              |     4 |     3 ||     7
Dodge: Dodged            |    20 |     3 ||    23

Table legend: (Time is in decaauts)
 A = Elapsed time spent in this place.
 B = Non-inter-level travel time spent in this place.
 C = Inter-level travel time spent in this place.
 D = Time resting spent in this place.
 E = Time spent auto-exploring this place.
 F = Levels seen in this place.
 G = Mean time per level.
                   A        B        C        D        E       F      G
               +--------+--------+--------+--------+--------+-----+--------+
         Total |   3116 |   3075 |     41 |    131 |   2510 |   3 | 1038.7 |
       Dungeon |   3116 |   3075 |     41 |    131 |   2510 |   3 | 1038.7 |
               +--------+--------+--------+--------+--------+-----+--------+

Top non-repeatable levels by time:
     D:1: 1334 daAuts
     D:2: 1254 daAuts
     D:3: 526 daAuts
